 Dungeon Crawl Stone Soup version 0.29-a0-40-g8eb35efe60 (webtiles) character file.

Game seed: 1355368681650850736

1296 robertstho the Magician (level 8, -3/56 HPs)
             Began as a Djinni Fire Elementalist on Feb 1, 2022.
             Was an Initiate of Makhleb.
             Slain by a killer bee (7 damage)
             ... on level 7 of the Dungeon.
             The game lasted 00:07:45 (7752 turns).

robertstho the Magician (Djinni Fire Elementalist)  Turns: 7752, Time: 00:07:46

Health: -3/56      AC:  2    Str:  7    XL:     8   Next: 86%
Gold:   211        EV: 12    Int: 18    God:    Makhleb [......] SH:  0 Dex: 15

rFire   + + .      SeeInvis .   i - +4 dagger
rCold   x . .      Faith    .   (no shield)
rNeg    . . .      Spirit   .   a - +0 robe
rPois   ∞          Reflect  .   (no helmet)
rElec   .          Harm     .   (no cloak)
rCorr   +          Rampage  .   (no gloves)
Will    .....                   (boots unavailable)
Stlth   ++........              (no amulet)
HPRegen 0.18/turn               h - ring of resist corrosion
MPRegen 0.00/turn               (no ring)

@: flying
A: sickness immunity, fire resistance 2, cold vulnerability 1, float, innate
caster, HP casting, extra vitality 1
a: Renounce Religion


You were on level 7 of the Dungeon.
You worshipped Makhleb.
Makhleb was noncommittal.
You visited 2 branches of the dungeon, and saw 8 of its levels.

You collected 261 gold pieces.
You spent 50 gold pieces at shops.

Inventory:

Hand Weapons
 i - a +4 dagger (weapon)
Armour
 a - a +0 robe (worn)
Jewellery
 h - a ring of resist corrosion (left hand)
 m - a ring of ice
 p - a ring of ice
 q - a ring of wizardry
Wands
 l - a wand of mindburst (17)
 n - a wand of flame (15)
 t - a wand of polymorph (8)
Scrolls
 d - 2 scrolls of magic mapping
 e - a scroll of teleportation
 k - a scroll of enchant armour
 s - a scroll of identify
Potions
 b - 2 potions of flight
 c - a potion of haste {unknown}
 f - a potion of mutation {unknown}
 g - 2 potions of degeneration {unknown}
 j - 2 potions of might {unknown}
 o - 2 potions of ambrosia {unknown}
 r - a potion of resistance {unknown}
 u - 2 potions of attraction {unknown}


   Skills:
 * Level 3.3 Fighting
 + Level 2.6 Dodging
 + Level 2.3 Stealth
 * Level 7.1 Spellcasting
 * Level 2.4 Invocations


You had 2 spell levels left.
You knew the following spells:

 Your Spells              Type           Power      Damage    Failure   Level
a - Foxfire               Conj/Fire      100%       2x1d9     1%          1
b - Scorch                Fire           64%        2d8       1%          2
c - Conjure Flame         Conj/Fire      32%        6-21      1%          3
d - Inner Flame           Hex/Fire       32%        N/A       1%          3
e - Flame Wave            Conj/Fire      32%        2d8       6%          4
f - Pain                  Necr           100%       1d9       1%          1
g - Wereblood             Tmut           32%        N/A       1%          2
h - Mephitic Cloud        Conj/Pois/Air  32%        N/A       1%          3
Your spell library was empty.

Dungeon Overview and Level Annotations

Branches:
Dungeon (7/15)             Temple (1/1) D:6

Altars:
Cheibriados
Kikubaaqudgha
Makhleb
Nemelex Xobeh
Qazlal
Vehumet

Shops:
D:2 ?:

Annotations:
D:2 Scroll shop
D:5 2 transporters, Shayle's ghost, amateur OgWr
D:6 2 runed translucent doors, dang3rdave's ghost, novice GrAK


Innate Abilities, Weirdness & Mutations

You are immune to sickness and miasma.
You are immune to poison.
Your flesh is very heat resistant. (rF++)
You are vulnerable to cold. (rC-)
You float through the air rather than walking.
You learn spells naturally, not from books.
Your magical power is your life essence.
You have superior vitality. (+4 MHP)


Message History

The killer bee is almost dead.
The flame wave engulfs the killer bee!
The killer bee is severely wounded.
The flame wave engulfs the killer bee.
The killer bee is heavily wounded.
* * * LOW HITPOINT WARNING * * *
The killer bee stings you.
* * * LOW HITPOINT WARNING * * *
The killer bee is engulfed in noxious fumes.
The killer bee appears confused.
The killer bee barely misses the killer bee.
The killer bee barely misses you.
The killer bee stings the killer bee.
The killer bee is killed!
Makhleb accepts your kill.
Your Fighting skill increases to level 3!
A wave of flame ripples out!
The flame wave engulfs the killer bee!
The killer bee is heavily wounded.
The flame wave engulfs the killer bee!
You kill the killer bee!
Makhleb accepts your kill.
The flame wave engulfs the killer bee.
The killer bee is severely wounded.
* * * LOW HITPOINT WARNING * * *
You finish channelling waves of flame.
The killer bee is engulfed in noxious fumes.
The killer bee appears confused.
The killer bee closely misses you. The killer bee stings you.
* * * LOW HITPOINT WARNING * * *
The killer bee is engulfed in noxious fumes.
The killer bee appears confused.
The killer bee barely misses you. The killer bee closely misses you.
Casting: Flame Wave (dangerous; 6% risk of failure)
Confirm with . or Enter, or press ? or * to list all spells.
Flames lash the killer bee.
You kill the killer bee!
Makhleb accepts your kill.
* * * LOW HITPOINT WARNING * * *
A bullfrog comes into view.
The killer bee stings you!
You die...

#...#....
#..>.... ##......
. F.!...
..####....
.......°☼#
.......y.#
......†@○####
..!.........# ##
########.##.....
...
#.###############
#.............#
#############.#
#.# #.# #.#


You could see a bullfrog (wandering) and a killer bee (confused).

Vanquished Creatures
  A water moccasin (D:7)
  A necrophage (D:6)
  An ogre (D:5)
  A bullfrog (D:6)
  A scorpion (D:6)
  2 water moccasin zombies
  5 killer bees (D:7)
  A howler monkey (D:6)
  2 hounds (D:5)
  2 jellies
  A centaur skeleton (D:5)
  2 orc priests
  An iguana (D:5)
  2 bullfrog skeletons
  Terence (D:3)
  2 orc wizards
  2 howler monkey zombies
  3 adders
  5 gnolls
  3 white imps
  An ufetubus (D:6)
  An adder skeleton (D:5)
  2 worms
  3 dart slugs
  8 orcs
  8 ball pythons
  2 endoplasms
  2 giant cockroaches
  6 goblins
  5 hobgoblins
  3 jackals (D:1)
  3 kobolds (D:2)
  3 quokkas
  6 bats
  5 rats
97 creatures vanquished.

Vanquished Creatures (others)
  247 foxfires
247 creatures vanquished.

Grand Total: 344 creatures vanquished

Notes
Turn   | Place    | Note
-------+----------+-------------------------------------------
     0 | D:1      | robertstho the Djinni Fire Elementalist began the quest for
                  | the Orb.
     0 | D:1      | Reached XP level 1. HP: 15/15 MP: 0/0
   402 | D:1      | Reached XP level 2. HP: 18/21 MP: 0/0
   674 | D:1      | Reached skill level 3 in Spellcasting
   674 | D:1      | Reached XP level 3. HP: 20/26 MP: 0/0
   674 | D:1      | Learned a level 1 spell: Pain
  1254 | D:1      | Found a faded altar of an unknown god.
  1783 | D:2      | Found Goask's Book Shop.
  1854 | D:2      | Found Peublioj's Magic Scroll Boutique.
  1939 | D:2      | Bought a scroll of teleportation for 30 gold pieces
  1939 | D:2      | Bought a scroll of identify for 20 gold pieces
  2005 | D:2      | Reached XP level 4. HP: 26/31 MP: 0/0
  2787 | D:3      | Reached skill level 1 in Fighting
  2787 | D:3      | Reached XP level 5. HP: 18/37 MP: 0/0
  2787 | D:3      | Learned a level 2 spell: Wereblood
  3032 | D:3      | You are sucked into a shaft and drop 3 floors!
  3032 | D:6      | Noticed a bullfrog
  3037 | D:6      | Killed a bullfrog
  3038 | D:6      | Reached skill level 4 in Spellcasting
  3320 | D:5      | Entered Level 5 of the Dungeon
  3326 | D:5      | Reached XP level 6. HP: 24/42 MP: 0/0
  4825 | D:3      | Noticed Terence
  4831 | D:3      | Killed Terence
  4832 | D:3      | Reached skill level 5 in Spellcasting
  5020 | D:3      | Reached XP level 7. HP: 45/49 MP: 0/0
  5020 | D:3      | Learned a level 3 spell: Mephitic Cloud
  6185 | D:5      | Noticed Shayle's ghost (amateur OgWr)
  6190 | D:5      | Found a transporter.
  6194 | D:5      | Found a transporter.
  6230 | D:5      | Reached skill level 6 in Spellcasting
  6614 | D:6      | Found a runed translucent door.
  6622 | D:6      | Noticed dang3rdave's ghost (novice GrAK)
  6789 | D:6      | Reached XP level 8. HP: 51/55 MP: 0/0
  7023 | D:6      | Found a staircase to the Ecumenical Temple.
  7032 | Temple   | Entered the Ecumenical Temple
  7081 | Temple   | Became a worshipper of Makhleb the Destroyer
  7224 | D:6      | Reached skill level 1 in Invocations
  7393 | D:6      | Found a runed translucent door.
  7748 | D:7      | Reached skill level 7 in Spellcasting
  7752 | D:7      | Slain by a killer bee

Illustrated notes

Levels and vault maps discovered:
D:1:      amcnicky_arrival_wind_blow, layout_loops_corners,
          shapermc_ecumenical_altar_gd
D:2:      layout_basic, serial_shops, shop, shop
D:3:      layout_basic, kennysheep_generic_room_11, uniq_terence
D:4:      layout_basic
D:5:      layout_rooms, gammafunk_ghost_mausoleum
D:6:      layout_loops_cross, minmay_temple_entry_hall, ebering_ghost_sewer_f
D:7:      layout_basic, general_overflow_altar, minmay_misc_feat_tower,
          hangedman_abyss_or_decor_passed
Temple:   regret_index_temple_sphere_string

Skill      XL: |  1  2  3  4  5  6  7  8 |
---------------+-------------------------+-----
Spellcasting   | 3 4 5 6 7 |  7.1
Fighting       | 1 2 3 |  3.3
Stealth        | 2 |  2.3
Invocations    | 2 |  2.4
Dodging        | |  2.6

Action                   |  1- 3 |  4- 6 |  7- 9 || total
-------------------------+-------+-------+-------++-------
 Cast: Foxfire           |    48 |    54 |    46 ||   148
       Scorch            |    10 |    50 |    44 ||   104
       Flame Wave        |       |     1 |     1 ||     2
       Mephitic Cloud    |       |       |     1 ||     1
  Use: Scroll            |     3 |     2 |     1 ||     6
       Potion            |       |     2 |       ||     2
Armor: Robe              |       |     1 |     5 ||     6
       Skin              |       |     4 |       ||     4
Dodge: Dodged            |     3 |    13 |    19 ||    35

Table legend: (Time is in decaauts)
 A = Elapsed time spent in this place.
 B = Non-inter-level travel time spent in this place.
 C = Inter-level travel time spent in this place.
 D = Time resting spent in this place.
 E = Time spent auto-exploring this place.
 F = Levels seen in this place.
 G = Mean time per level.
                   A        B        C        D        E       F      G
               +--------+--------+--------+--------+--------+-----+--------+
         Total |   7753 |   7435 |    318 |   1373 |   5485 |   8 |  969.1 |
       Dungeon |   7687 |   7385 |    302 |   1373 |   5444 |   7 | 1098.1 |
        Temple |     65 |     49 |     16 |      0 |     41 |   1 |   65.0 |
               +--------+--------+--------+--------+--------+-----+--------+

Top non-repeatable levels by time:
     D:4: 1640 daAuts
     D:1: 1563 daAuts
     D:6: 1239 daAuts
     D:2: 1111 daAuts
     D:3: 1075 daAuts
     D:5: 900 daAuts
     D:7: 156 daAuts
  Temple: 65 daAuts
